Monk Dude 3, lawful male human Monk ----------- ##################-.........| # |.........| ### +...@.....| --------------- # |.........| |.............| ###### |.........| |.............| # ##-------------- ----.------ |.............| ################.............| ### |).............### |...>......... # |.............| # ----- +............| ## --------------- ###|.... -------------- --.---- #....| |.....| |`..| |.....| ----- |....>| ------- Monk Dude 3 the Candidate Experience level: 1 Strength: 18 Dexterity: 10 Constitution: 11 Intelligence: 9 Wisdom: 13 Charisma: 12 Health: 1(1) Energy: 0(0) Def: 4 Gold: 557 Moves: 1167 Dungeon seed: iq1zAySbKfIHTeY4 Game ID: Monk Dude 3_1554482800 Your Inventory: Coins $ - 557 gold pieces Armor e - a blessed +2 pair of leather gloves (being worn) n - an uncursed burnt +1 robe (being worn) q - a cursed -1 pair of fumble boots (being worn) r - a cursed -2 orcish helm (being worn) Comestibles f - 5 uncursed food rations g - 5 uncursed apples h - 5 uncursed oranges i - 4 uncursed fortune cookies Scrolls b - a blessed scroll of teleportation p - a cursed scroll of teleportation Spellbooks a - a blessed spellbook of healing s - an uncursed spellbook of slow monster Potions c - a blessed potion of healing Tools j - a magic marker (0:64) Spells and supernatural/magical abilities: Name Level Category Fail Memory h - healing 1 healing 0% 95% s - slow monster 2 enchantment 87% 99% W - pray for help -- divine ? -- Your skills at the end: Fighting Skills martial arts [Basic] Weapon Skills Spellcasting Skills healing spells [Basic] Final Attributes: You were piously aligned. You were sleep resistant. You fumbled. You saw invisible. You were going to confuse monsters. You were fast. You were extremely unlucky. Shan Lai Ching was very angry with you. You are dead. Vanquished creatures: 3 giant rats 2 jackals a fox a goblin 2 sewer rats 5 newts 14 creatures vanquished. Voluntary challenges: You followed a strict vegan diet. You never hit with a wielded weapon. You read items or engraved 7 times, starting on turn 155. You never genocided any monsters. You never polymorphed an object. You never changed form. You used no wishes. You never split a pudding. You never wrote Elbereth's name. You never violated your personal moral code. Dungeon overview: The Dungeons of Doom: levels 1 to 4 Level 1 a fountain a long staircase Level 2 Level 3 Level 4 <- You were here a long staircase History has recorded: On T:1 you entered the Dungeons of Doom to retrieve the Amulet of Yendor! On T:298 you reached level 2 of The Dungeons of Doom. On T:668 you reached level 3 of The Dungeons of Doom. On T:905 you advanced to experience level 2. On T:1023 you reached level 4 of The Dungeons of Doom. Score breakdown: Gold: 557 ( 9343 points) Experience: 1 level ( 0 points) Exploration: 4 levels ( 7.69%) ( 7276 points) Discoveries: 3 items ( 1.07%) ( 3105 points) Valuables value: (no points given unless you survive) Artifact value: 0 ( 0 points) Variety of kills: 6 monsters ( 1.57%) ( 3764 points) Turncount: 1167 turns ( 0 points) Survival: died (score multiplied by 80%) Total score: 18790 Latest messages: Goodbye level 2. You begin praying to Shan Lai Ching. The voice of Shan Lai Ching thunders: "Thou art arrogant, mortal." "Thou must relearn thy lessons!" You feel foolish! You begin praying to Shan Lai Ching. The voice of Shan Lai Ching booms: "Thou art arrogant, mortal." "Thou must relearn thy lessons!" You feel foolish! You begin praying to Shan Lai Ching. The voice of Shan Lai Ching thunders: "Thou art arrogant, mortal." "Thou must relearn thy lessons!" You feel foolish! You begin praying to Shan Lai Ching. The voice of Shan Lai Ching thunders: "Thou hast angered me." Suddenly, a bolt of lightning strikes you! You fry to a crisp. Final status: Goodbye Monk Dude 3 the Monk, killed by the wrath of Shan Lai Ching... You died in The Dungeons of Doom on dungeon level 4 with 18790 points, and 557 pieces of gold, after 1167 moves. You were level 1 with a maximum of 1 hit point when you died.